 Dungeon Sprint DCSS version 0.18.1-48-g4cf74bf (webtiles) character file.

14 Groucho the Skirmisher (level 2, -2/30 HPs)
             Began as a Naga Fighter on Aug 24, 2016.
             Was a Follower of Cheibriados.
             Slain by an adder (4 damage)
             ... in the Dungeon (Sprint VII: "The Pits").
             The game lasted 00:01:41 (649 turns).

Groucho the Skirmisher (Naga Fighter)                Turns: 649, Time: 00:01:41

Health: -2/30      AC:  4    Str: 20    XL:     2   Next: 45%
Magic:  2/2        EV:  5    Int: 10    God:    Cheibriados [*.....]
Gold:   0          SH:  9    Dex: 12    Spells: 0 memorised, 1 level left

rFire  . . .     SeeInvis +     g - +2 hand axe
rCold  . . .     Gourm    .     b - +0 scale mail
rNeg   . . .     Faith    .     c - +0 shield
rPois  +         Spirit   .     (no helmet)
rElec  .         Dismiss  .     (no cloak)
rCorr  .         Reflect  .     (no gloves)
SustAt .         Harm     .     (no barding)
MR     .....     NoTele   +     (no amulet)
Stlth  ..........               (no ring)
                                (no ring)

@: very slow, not resistant to hostile enchantments, extremely unstealthy
A: see invisible, deformed body, poison resistance, slowness 2, slow metabolism
1, spit poison 2, AC +0
a: Spit Poison, Bend Time, Renounce Religion


You were in the Dungeon.
You worshipped Cheibriados.
Cheibriados was aware of your devotion.
You were not hungry.

You visited 1 branch

Inventory:

Hand Weapons
 a - a +0 war axe
 g - a +2 hand axe (weapon)
Missiles
 r - 10 stones (quivered)
Armour
 b - a +0 scale mail (worn)
 c - a +0 shield (worn)
Scrolls
 k - a scroll of blinking
 o - 3 scrolls of remove curse
 p - 5 scrolls of amnesia
 q - a scroll of summoning
Potions
 d - a potion of might
 h - a potion of haste
 i - 4 potions of magic
 j - 3 potions of berserk rage
 n - 2 potions of invisibility
Comestibles
 f - 8 bread rations
 l - 40 fruits
 m - 7 meat rations


   Skills:
 + Level 3.7 Fighting
 * Level 3.6 Axes
 + Level 3.0 Armour
 + Level 2.9 Shields


You had one spell level left.
You didn't know any spells.

Dungeon Overview and Level Annotations

Branches:
Dungeon (1/1)

Altars:
Ashenzari
Cheibriados
Dithmenos
Elyvilon
Fedhas
Gozag
Kikubaaqudgha
Makhleb
Nemelex Xobeh
Okawaru
Pakellas
Qazlal
Ru
Sif Muna
Trog
Vehumet
Xom
Yredelemnul
Zin
The Shining One
Beogh
Jiyva
Lugonu


Innate Abilities, Weirdness & Mutations

You cannot wear boots.
Your serpentine skin is tough (AC +0).
You have supernaturally acute eyesight.
Armour fits poorly on your strangely shaped body.
Your system is resistant to poisons.
You cover ground very slowly.
You have a slow metabolism.
You can spit poison.


Message History

Cheibriados thoroughly appreciates the change of pace.
Cheibriados slows and strengthens your metabolism.
Cheibriados raises the support of your attributes as your movement slows.
Your Armour skill increases to level 3!
You block the adder's attack.
You closely miss the adder. You block the adder's attack.
The adder bites you but does no damage.
You closely miss the adder. The adder barely misses you.
You hit the adder.
The adder is heavily wounded.
You block the adder's attack. The adder bites you.
* * * LOW HITPOINT WARNING * * *
You barely miss the adder.
The adder is heavily wounded.
The adder bites you.
* * * LOW HITPOINT WARNING * * *
You closely miss the adder.
The adder is heavily wounded.
You block the adder's attack. The adder bites you.
You die...

#__________#
#_#####'##############++
#_#.))'.'..##...........
#_#)))#.#?|##......#..#
#######'#####..........
#...........'...........
#+#####)#####......#..#.
#.. #.# #...........
#...#@# ####'#####+
#...S.# #.......#
##+#### #.......#
#.......# #...<...#
#.......# #.......#
#.......# #########


You could see an adder.

Vanquished Creatures
  2 ufetubi (D)
  An orc (D)
  A goblin (D)
4 creatures vanquished.

Notes
Turn   | Place    | Note
--------------------------------------------------------------
     0 | D        | Groucho the Naga Fighter began the quest for the Orb.
     0 | D        | Reached XP level 1. HP: 21/21 MP: 1/1
    15 | D        | HP: 1/21 [ufetubus (3)]
   582 | D        | Found a sacrificial altar of Ru.
   582 | D        | Found a basalt altar of Yredelemnul.
   582 | D        | Found a shadowy altar of Dithmenos.
   582 | D        | Found a deep blue altar of Sif Muna.
   582 | D        | Found a burning altar of Makhleb.
   582 | D        | Found a shimmering altar of Xom.
   582 | D        | Found an ancient bone altar of Kikubaaqudgha.
   582 | D        | Found a sparkling altar of Nemelex Xobeh.
   583 | D        | Found a glowing golden altar of the Shining One.
   583 | D        | Found a bloodstained altar of Trog.
   583 | D        | Found a shattered altar of Ashenzari.
   583 | D        | Found a white marble altar of Elyvilon.
   583 | D        | Found a snail-covered altar of Cheibriados.
   583 | D        | Found a blossoming altar of Fedhas.
   583 | D        | Found a radiant altar of Vehumet.
   583 | D        | Found a glowing silver altar of Zin.
   583 | D        | Found a corrupted altar of Lugonu.
   583 | D        | Found a viscous altar of Jiyva.
   583 | D        | Found a roughly hewn altar of Beogh.
   583 | D        | Found an iron altar of Okawaru.
   584 | D        | Found an oddly glowing altar of Pakellas.
   589 | D        | Found a stormy altar of Qazlal.
   589 | D        | Found an opulent altar of Gozag.
   593 | D        | Became a worshipper of Cheibriados the Contemplative
   610 | D        | Reached XP level 2. HP: 25/28 MP: 2/2
   644 | D        | Reached * piety under Cheibriados
   649 | D        | Slain by an adder

Skill      XL: |  1  2 |
---------------+-------+-----
Axes           | 3 |  3.6
Armour         | 3 |  3.0
Fighting       | |  3.7
Shields        | |  2.9

Action                   || total
-------------------------++-------
Melee: War axe           ||    10
       Hand axe          ||    22
  Use: Potion            ||     2
Armor: Scale mail        ||    28
Dodge: Dodged            ||    12
Block: Shield            ||    34
